[Event "23rd ETCC Women 2021"]
[Site "Catez"]
[Date "2021.11.14"]
[Round "3.10"]
[White "Mkrtchian, Lilit"]
[Black "Cyfka, Karina"]
[Result "1/2-1/2"]
[ECO "A53"]
[WhiteElo "2379"]
[BlackElo "2416"]
[Annotator "NA"]
[PlyCount "64"]
[EventDate "2021.11.08"]
[EventType "team-tourn"]
[EventCountry "SLO"]
[SourceTitle "playchess.com"]
[Source "ChessBase"]
[SourceQuality "1"]
[WhiteTeam "Armenia"]
[BlackTeam "Poland"]
[WhiteTeamCountry "ARM"]
[BlackTeamCountry "POL"]
[TimeControl "40/5400+30:1800+30"]

1. Nf3 Nf6 2. g3 d5 3. Bg2 Nbd7 4. O-O e5 5. d3 c6 6. c4 dxc4 7. dxc4 Bc5 8. Nc3 O-O 9. Ng5 Qc7 10. Qc2 h6 11. Nge4 Nxe4 12. Nxe4 Be7 13. b3 Nc5 14. Bb2 f5 15. Nd2 Ne6 16. Nf3 e4 17. Nd4 Nxd4 18.
Bxd4 Be6 19. Rad1 Rfd8 20. Qc3 Bf8 21. f3 exf3 22. exf3 Rd7 23. Qe3 Bf7 24. Be5 Qd8 25. Qe2 Rxd1 26. Rxd1 Qb6+ 27. Bd4 Bc5 28. Bxc5 Qxc5+ 29. Qf2 Qxf2+ 30. Kxf2 Be6 31. f4 Kf7 32. c5 Ke7 1/2-1/2

[Event "23rd ETCC Women 2021"]
[Site "Catez"]
[Date "2021.11.14"]
[Round "3.11"]
[White "Socko, Monika"]
[Black "Sargsyan, Anna M."]
[Result "0-1"]
[ECO "C66"]
[WhiteElo "2393"]
[BlackElo "2385"]
[Annotator "ChessBase"]
[PlyCount "148"]
[EventDate "2021.11.08"]
[EventType "team-tourn"]
[EventCountry "SLO"]
[SourceTitle "playchess.com"]
[Source "ChessBase"]
[SourceQuality "1"]
[WhiteTeam "Poland"]
[BlackTeam "Armenia"]
[WhiteTeamCountry "POL"]
[BlackTeamCountry "ARM"]
[TimeControl "40/5400+30:1800+30"]

1. e4 e5 2. Nf3 Nc6 3. Bb5 d6 4. Nc3 Bd7 5. d4 Nf6 6. O-O exd4 7. Nxd4 Be7 8. Nxc6 bxc6 9. Be2 O-O 10. Be3 Rb8 11. b3 c5 12. Re1 Bc6 13.
Bf3 Nd7 14. Nd5 Re8 15. Qd2 Bf8 16. Bg5 f6 17. Bf4 Ne5 18.
Bh5 g6 19. Be2 Bg7 20. Rad1 Kh8 21. Qa5 Rb7 22. Ba6 Bxd5 23. exd5 Rb6 24. Bb5 Rf8 25. Bf1 Rb4 26. c4 f5 27. Bd2 Rb8 28. Qa3 Qh4 29. h3 g5 30.
Qc1 g4 31. Bg5 Qh5 32. Be2 Qf7 33. hxg4 fxg4 34. Rf1 Nf3+ 35. gxf3 gxf3 36. Bxf3 Qxf3 37. Qe3 Qh5 38. Kg2 Rf5 39. f4 h6 40. Rh1 Qg6 41. Qg3 Re8 42. Rd2 Kh7 43. Rf2 Rff8 44. Bh4 Qe4+ 45. Qf3 Bd4 46. Qxe4+ Rxe4 47. Rf3 Rfxf4 48. Rxf4 Rxf4 49. Bg3 Re4 50.
Re1 Rxe1 51. Bxe1 Bf6 52. Ba5 Bd8 53. b4 cxb4 54. Bxb4 Kg6 55. c5 dxc5 56. Bxc5 a6 57. Kf3 Kf5 58. d6 c6 59. Be3 h5 60.
Bf4 Bb6 61. Kg3 Bd8 62. Kf3 Ke6 63. Kg3 Kd5 64. Kf3 c5 65.
Ke3 c4 66. Kd2 h4 67. Kc3 h3 68. Bh2 Ba5+ 69. Kb2 Kc6 70. a3 Bb6 71. Kc3 Bc5 72. d7 Kxd7 73. a4 Bd6 74. Bg1 h2 0-1

[Event "23rd ETCC Women 2021"]
[Site "Catez"]
[Date "2021.11.14"]
[Round "3.12"]
[White "Gaboyan, Susanna"]
[Black "Kulon, Klaudia"]
[Result "1/2-1/2"]
[ECO "A08"]
[WhiteElo "2253"]
[BlackElo "2328"]
[Annotator "NA"]
[PlyCount "76"]
[EventDate "2021.11.08"]
[EventType "team-tourn"]
[EventCountry "SLO"]
[SourceTitle "playchess.com"]
[Source "ChessBase"]
[SourceQuality "1"]
[WhiteTeam "Armenia"]
[BlackTeam "Poland"]
[WhiteTeamCountry "ARM"]
[BlackTeamCountry "POL"]
[TimeControl "40/5400+30:1800+30"]

1. Nf3 Nf6 2. g3 g6 3. Bg2 Bg7 4. O-O O-O 5. d3 d5 6. Nbd2 c5 7. e4 Nc6 8. c3 e5 9. exd5 Nxd5 10. Re1 h6 11. Nc4 Re8 12. a4 Nc7 13.
Be3 Ne6 14. a5 Rb8 15. Qd2 Kh7 16. h4 f5 17. Qc2 Qc7 18. h5 g5 19. d4 cxd4 20. Qxf5+ Kg8 21. Qg6 Nf8 22. Qxe8 Be6 23. Qxb8 Qxb8 24. cxd4 exd4 25. Nxd4 Nxd4 26. Bxd4 Bxd4 27. Ne3 Qc7 28.
Rad1 Qxa5 29. b4 Qb6 30. Nd5 Bxd5 31. Bxd5+ Kh8 32. Re8 Qf6 33. Rxd4 Qxd4 34. Rxf8+ Kg7 35. Rf7+ Kg8 36. Rf5+ Kg7 37. Rf7+ Kh8 38. Rf8+ Kg7 1/2-1/2

[Event "23rd ETCC Women 2021"]
[Site "Catez"]
[Date "2021.11.14"]
[Round "3.13"]
[White "Brunello, Marina"]
[Black "Osmak, Iulija"]
[Result "1-0"]
[ECO "C02"]
[WhiteElo "2359"]
[BlackElo "2423"]
[Annotator "NA"]
[PlyCount "79"]
[EventDate "2021.11.08"]
[EventType "team-tourn"]
[EventCountry "SLO"]
[SourceTitle "playchess.com"]
[Source "ChessBase"]
[SourceQuality "1"]
[WhiteTeam "Italy"]
[BlackTeam "Ukraine"]
[WhiteTeamCountry "ITA"]
[BlackTeamCountry "UKR"]
[TimeControl "40/5400+30:1800+30"]

1. e4 e6 2. d4 d5 3. e5 c5 4. c3 Nc6 5. Nf3 Qb6 6. Be2 cxd4 7. cxd4 Nh6 8. Bxh6 Qxb2 9. Nbd2 gxh6 10. O-O Bd7 11. Rb1 Qxa2 12. Rxb7 Rb8 13. Rxb8+ Nxb8 14. Qc1 Bb4 15. Bd3 O-O 16. Bb1 Qa4 17. Ne4 dxe4 18. Qxh6 f6 19. exf6 Kf7 20. Ng5+ Ke8 21. Nxh7 Qa3 22. Nxf8 Bxf8 23. Qh5+ Kd8 24. Bxe4 Qd6 25. Qa5+ Qb6 26. Qxb6+ axb6 27. Rb1 b5 28. g4 Ke8 29. Bg6+ Kd8 30. g5 Nc6 31. Rxb5 Nxd4 32. Rb8+ Bc8 33. Bh5 Kc7 34. Ra8 Kb7 35. Ra4 Nf5 36. g6 Bd7 37. Rf4 e5 38. Re4 Bd6 39. g7 Be6 40. Bg4 1-0

[Event "23rd ETCC Women 2021"]
[Site "Catez"]
[Date "2021.11.14"]
[Round "3.14"]
[White "Buksa, Nataliya"]
[Black "Zimina, Olga"]
[Result "0-1"]
[ECO "B12"]
[WhiteElo "2410"]
[BlackElo "2339"]
[Annotator "ChessBase"]
[PlyCount "128"]
[EventDate "2021.11.08"]
[EventType "team-tourn"]
[EventCountry "SLO"]
[SourceTitle "playchess.com"]
[Source "ChessBase"]
[SourceQuality "1"]
[WhiteTeam "Ukraine"]
[BlackTeam "Italy"]
[WhiteTeamCountry "UKR"]
[BlackTeamCountry "ITA"]
[TimeControl "40/5400+30:1800+30"]

1. e4 c6 2. d4 d5 3. e5 c5 4. dxc5 e6 5. a3 Bxc5 6. Qg4 Ne7 7. Bd3 Nbc6 8.
Nf3 Ng6 9. O-O O-O 10. Qh5 Qc7 11. Re1 Bd7 12. Nbd2 a5 13. Nb3 Be7 14. c3 b5 15. Nbd4 b4 16. Nb5 Qb8 17. a4 Be8 18. c4 dxc4 19. Bxc4 Na7 20. Nbd4 Nc6 21. Nb3 Bd7 22. Bd3 Rd8 23. Bg5 h6 24. Bxe7 Ncxe7 25. Nfd4 Nf4 26. Qf3 Nxd3 27. Qxd3 Nc6 28. Nf3 Be8 29. Qc4 Rd5 30. Qe4 Qb6 31. h4 Rad8 32. Rec1 Ne7 33. Qe2 Ng6 34. g3 Ne7 35. Nbd2 Bc6 36. Nc4 Qa6 37. Ne1 Ba8 38. Qe3 Nf5 39. Qb6 Qxb6 40. Nxb6 Rxe5 41. Nxa8 Rxa8 42. Kf1 Rd8 43. Rd1 Red5 44. Rxd5 Rxd5 45. Rc1 Nd6 46. Ke2 g5 47. hxg5 hxg5 48. Nd3 Kg7 49. g4 Ne4 50. Rc6 Nf6 51. f3 Nd7 52. Rc7 Kf6 53. Nf2 Ke5 54. Ne4 Kf4 55. Nf2 f6 56. Rc4+ Ke5 57. Rc6 Nc5 58. b3 f5 59. f4+ gxf4 60.
g5 f3+ 61. Ke3 Nxb3 62. Rc7 Nd2 63. Nh3 b3 64. Nf4 f2 0-1

[Event "23rd ETCC Women 2021"]
[Site "Catez"]
[Date "2021.11.14"]
[Round "3.15"]
[White "Sedina, Elena"]
[Black "Gaponenko, Inna"]
[Result "1/2-1/2"]
[ECO "B22"]
[WhiteElo "2263"]
[BlackElo "2339"]
[Annotator "NA"]
[PlyCount "60"]
[EventDate "2021.11.08"]
[EventType "team-tourn"]
[EventCountry "SLO"]
[SourceTitle "playchess.com"]
[Source "ChessBase"]
[SourceQuality "1"]
[WhiteTeam "Italy"]
[BlackTeam "Ukraine"]
[WhiteTeamCountry "ITA"]
[BlackTeamCountry "UKR"]
[TimeControl "40/5400+30:1800+30"]

1. e4 c5 2. c3 Nf6 3. e5 Nd5 4. Nf3 Nc6 5. d4 cxd4 6. cxd4 d6 7. Bc4 dxe5 8.
dxe5 Ndb4 9. O-O Qxd1 10. Rxd1 Bg4 11. Nc3 Nc2 12. Rb1 Bxf3 13. gxf3 e6 14. Bb5 Rd8 15. Bg5 Be7 16. Rxd8+ Bxd8 17. Bxd8 Kxd8 18. Bxc6 bxc6 19. Rc1 Nb4 20. a3 Nd5 21. Nxd5 cxd5 22. Rc6 Re8 23. Ra6 Re7 24. Kf1 Rb7 25. b4 Kc8 26. Ke2 Kb8 27. Rd6 Kc7 28.
Ra6 Kb8 29. Rd6 Kc7 30. Ra6 Kb8 1/2-1/2

[Event "23rd ETCC Women 2021"]
[Site "Catez"]
[Date "2021.11.14"]
[Round "3.16"]
[White "Zhukova, Natalia"]
[Black "Gueci, Tea"]
[Result "1-0"]
[ECO "D30"]
[WhiteElo "2331"]
[BlackElo "2242"]
[Annotator "NA"]
[PlyCount "61"]
[EventDate "2021.11.08"]
[EventType "team-tourn"]
[EventCountry "SLO"]
[SourceTitle "playchess.com"]
[Source "ChessBase"]
[SourceQuality "1"]
[WhiteTeam "Ukraine"]
[BlackTeam "Italy"]
[WhiteTeamCountry "UKR"]
[BlackTeamCountry "ITA"]
[TimeControl "40/5400+30:1800+30"]

1. c4 e6 2. g3 d5 3. d4 c5 4. cxd5 exd5 5. Nf3 Nc6 6. Bg2 Nf6 7. O-O c4 8. Ne5 Be7 9. Nxc6 bxc6 10. b3 cxb3 11. axb3 O-O 12. Ba3 Re8 13. Nc3 Rb8 14. Na4 Bxa3 15. Rxa3 Qe7 16. Ra2 Qb4 17. Nc5 Nd7 18. Na6 Qxb3 19. Nxb8 Qxa2 20. Nxc6 Bb7 21. Qc1 Rxe2 22. Nd8 Ba6 23. Qc6 Re7 24. Qd6 Qe2 25. Nc6 Re6 26. Qxd7 h5 27. Nb4 Bc4 28. Nxd5 Qa2 29. Rc1 Bd3 30. Nf4 Qd2 31. Qc8+ 1-0

[Event "23rd ETCC Women 2021"]
[Site "Catez"]
[Date "2021.11.14"]
[Round "3.17"]
[White "Sebag, Marie"]
[Black "Lazarne Vajda, Szidonia"]
[Result "1-0"]
[ECO "C41"]
[WhiteElo "2447"]
[BlackElo "2345"]
[Annotator "NA"]
[PlyCount "63"]
[EventDate "2021.11.08"]
[EventType "team-tourn"]
[EventCountry "SLO"]
[SourceTitle "playchess.com"]
[Source "ChessBase"]
[SourceQuality "1"]
[WhiteTeam "France"]
[BlackTeam "Hungary"]
[WhiteTeamCountry "FRA"]
[BlackTeamCountry "HUN"]
[TimeControl "40/5400+30:1800+30"]

1. e4 d6 2. d4 Nf6 3. Nc3 e5 4. Nf3 Nbd7 5. Bc4 Be7 6. O-O O-O 7. a4 c6 8. Re1 h6 9. h3 Re8 10. Ba2 exd4 11. Qxd4 Nf8 12. Be3 Be6 13. Bxe6 Nxe6 14. Qd2 Bf8 15. Rad1 a6 16. Nd4 Nxd4 17. Bxd4 b5 18. f3 Nd7 19. Qf2 b4 20. Ne2 Qa5 21. b3 f5 22. Ng3 fxe4 23.
fxe4 Qg5 24. Nf5 Qg6 25. Bxg7 Bxg7 26. Rxd6 Qf7 27. Qg3 Kh7 28. Qxg7+ Qxg7 29. Nxg7 Kxg7 30. Rxd7+ Kg8 31. Rd6 Kg7 32. Re3 1-0

[Event "23rd ETCC Women 2021"]
[Site "Catez"]
[Date "2021.11.14"]
[Round "3.18"]
[White "Gara, Ticia"]
[Black "Guichard, Pauline"]
[Result "1-0"]
[ECO "A18"]
[WhiteElo "2331"]
[BlackElo "2409"]
[Annotator "NA"]
[PlyCount "85"]
[EventDate "2021.11.08"]
[EventType "team-tourn"]
[EventCountry "SLO"]
[SourceTitle "playchess.com"]
[Source "ChessBase"]
[SourceQuality "1"]
[WhiteTeam "Hungary"]
[BlackTeam "France"]
[WhiteTeamCountry "HUN"]
[BlackTeamCountry "FRA"]
[TimeControl "40/5400+30:1800+30"]

1. c4 Nf6 2. Nc3 e6 3. e4 d5 4. e5 d4 5. exf6 dxc3 6. bxc3 Qxf6 7. d4 b6 8. Be2 Bb7 9. Bf3 Bxf3 10. Nxf3 Bd6 11. Qa4+ c6 12. O-O O-O 13. Bg5 Qf5 14. Bh4 Rc8 15. Bg3 Bf4 16. Bxf4 Qxf4 17. Ne5 f6 18. Nd3 Qf5 19. Rad1 Nd7 20. Rfe1 Rc7 21. Re3 Rd8 22. Rde1 Nf8 23. c5 Kh8 24. Qb3 b5 25. a4 a6 26. a5 e5 27. Nb4 exd4 28.
cxd4 Qc8 29. d5 cxd5 30. Nxd5 Rxd5 31. Qxd5 Rxc5 32. Qf7 Rc1 33. g3 h6 34. h4 Kh7 35. Qe8 Rxe1+ 36. Rxe1 Qc5 37. h5 b4 38. Qf7 b3 39. Re7 Qg5 40. Rb7 Qg4 41. Rxb3 f5 42. Rb8 f4 43. Rxf8 1-0

[Event "23rd ETCC Women 2021"]
[Site "Catez"]
[Date "2021.11.14"]
[Round "3.19"]
[White "Milliet, Sophie"]
[Black "Terbe, Julianna"]
[Result "1-0"]
[ECO "C84"]
[WhiteElo "2418"]
[BlackElo "2318"]
[Annotator "NA"]
[PlyCount "87"]
[EventDate "2021.11.08"]
[EventType "team-tourn"]
[EventCountry "SLO"]
[SourceTitle "playchess.com"]
[Source "ChessBase"]
[SourceQuality "1"]
[WhiteTeam "France"]
[BlackTeam "Hungary"]
[WhiteTeamCountry "FRA"]
[BlackTeamCountry "HUN"]
[TimeControl "40/5400+30:1800+30"]

1. e4 e5 2. Nf3 Nc6 3. Bb5 a6 4. Ba4 Nf6 5. O-O Nxe4 6. d4 Be7 7. Re1 b5 8. Rxe4 d5 9. Nxe5 Nxe5 10. Rxe5 bxa4 11. Qe2 Be6 12. Nc3 O-O 13. Nxa4 Bf6 14. Bf4 Bxe5 15. Bxe5 Re8 16. Nc5 f6 17. Bf4 Bf5 18. Qd2 Qe7 19. Kf1 c6 20. a4 h5 21. h4 Qf7 22. Ra3 Qg6 23.
Rg3 Qh7 24. Qb4 Bg4 25. Rc3 Be2+ 26. Kg1 Qf5 27. Bg3 Bd1 28. Qb7 Re1+ 29. Kh2 Rae8 30. Qxc6 a5 31. Nd3 R1e4 32. Nf4 Rd8 33. Qc7 Qd7 34. Qxa5 Rxd4 35. Ne6 Qxe6 36. Qxd8+ Kh7 37. Rc8 Kg6 38. Rc7 Kh7 39. Rc8 Kg6 40. Rc7 Kh7 41. Re7 Qa6 42. Qd7 Bxc2 43. Rxg7+ Kh8 44. Re7 1-0

[Event "23rd ETCC Women 2021"]
[Site "Catez"]
[Date "2021.11.14"]
[Round "3.20"]
[White "Mihok-Juhasz, Barbara"]
[Black "Navrotescu, Andreea"]
[Result "1-0"]
[ECO "C07"]
[WhiteElo "2258"]
[BlackElo "2210"]
[Annotator "NA"]
[PlyCount "75"]
[EventDate "2021.11.08"]
[EventType "team-tourn"]
[EventCountry "SLO"]
[SourceTitle "playchess.com"]
[Source "ChessBase"]
[SourceQuality "1"]
[WhiteTeam "Hungary"]
[BlackTeam "France"]
[WhiteTeamCountry "HUN"]
[BlackTeamCountry "FRA"]
[TimeControl "40/5400+30:1800+30"]

1. e4 e6 2. d4 d5 3. Nd2 c5 4. exd5 Qxd5 5. Ngf3 cxd4 6. Bc4 Qd7 7. O-O Nc6 8. Nb3 a6 9. a4 Bd6 10. Nbxd4 Nge7 11. Nxc6 bxc6 12. b3 O-O 13. Bb2 Qc7 14. Qe2 Ng6 15. Rad1 c5 16. Qd2 Be7 17. Qe3 Bb7 18. Ne5 Bd6 19. Nxg6 hxg6 20. Qc3 e5 21. Qd3 Qc6 22. Qxg6 Bc7 23. Qg3 Rad8 24. f3 Rd4 25. Bxd4 exd4 26. Qh4 Bd8 27. Qf4 Bc7 28. Qh4 Bd8 29. Qg4 Bc7 30. Rde1 Qh6 31. f4 Qf6 32. Qd7 Qg6 33. Rf2 Bxf4 34. Qxb7 Qh6 35. g3 Be3 36. Rxe3 Qxe3 37. Bxf7+ Kh8 38. Qf3 1-0

[Event "23rd ETCC Women 2021"]
[Site "Catez"]
[Date "2021.11.14"]
[Round "3.21"]
[White "Georgescu, Lena"]
[Black "Vega Gutierrez, Sabrina"]
[Result "0-1"]
[ECO "B45"]
[WhiteElo "2262"]
[BlackElo "2394"]
[Annotator "ChessBase"]
[PlyCount "120"]
[EventDate "2021.11.08"]
[EventType "team-tourn"]
[EventCountry "SLO"]
[SourceTitle "playchess.com"]
[Source "ChessBase"]
[SourceQuality "1"]
[WhiteTeam "Switzerland"]
[BlackTeam "Spain"]
[WhiteTeamCountry "SUI"]
[BlackTeamCountry "ESP"]
[TimeControl "40/5400+30:1800+30"]

1. e4 c5 2. Nf3 e6 3. d4 cxd4 4. Nxd4 Nf6 5. Nc3 Nc6 6. Nxc6 bxc6 7. e5 Nd5 8. Ne4 Qc7 9. f4 Qb6 10. c4 Bb4+ 11. Ke2 f5 12. Nf2 Ba6 13.
Kf3 Ne7 14. Be3 Bc5 15. Bxc5 Qxc5 16. Qd6 Qa5 17. h4 Rd8 18. Be2 Nc8 19. Qd4 O-O 20. Rhd1 c5 21. Qe3 Qc7 22. Rd2 d6 23. Rad1 dxe5 24. Qxe5 Qxe5 25. fxe5 Rxd2 26. Rxd2 Ne7 27. Rd6 Bb7+ 28. Kg3 f4+ 29. Kh3 f3 30. Bxf3 Bxf3 31. gxf3 Rxf3+ 32. Kg2 Re3 33. Nd3 Nf5 34. Rd8+ Kf7 35. Nxc5 Rxe5 36. b4 a5 37. a3 Ne3+ 38. Kf3 Nxc4 39. Rd7+ Kg6 40. Ne4 Nxa3 41. bxa5 Rxa5 42. Re7 Nc4 43. Kg4 h5+ 44. Kg3 Ra3+ 45. Kh2 Ne5 46. Ng5 Ng4+ 47. Kg2 e5 48. Ne4 Ra2+ 49. Kg3 Re2 50. Ng5 Re3+ 51. Kg2 Ra3 52. Ne4 Kf5 53. Ng3+ Kf6 54. Rb7 Ra2+ 55. Kf3 Rf2+ 56. Ke4 Rf4+ 57. Kd5 Ne3+ 58. Kd6 Rxh4 59. Rb8 Rd4+ 60. Kc5 h4 0-1

[Event "23rd ETCC Women 2021"]
[Site "Catez"]
[Date "2021.11.14"]
[Round "3.22"]
[White "Garcia Martin, Marta"]
[Black "Hakimifard, Ghazal"]
[Result "1-0"]
[ECO "B42"]
[WhiteElo "2324"]
[BlackElo "2267"]
[Annotator "NA"]
[PlyCount "73"]
[EventDate "2021.11.08"]
[EventType "team-tourn"]
[EventCountry "SLO"]
[SourceTitle "playchess.com"]
[Source "ChessBase"]
[SourceQuality "1"]
[WhiteTeam "Spain"]
[BlackTeam "Switzerland"]
[WhiteTeamCountry "ESP"]
[BlackTeamCountry "SUI"]
[TimeControl "40/5400+30:1800+30"]

1. e4 c5 2. Nf3 e6 3. d4 cxd4 4. Nxd4 a6 5. Bd3 Bc5 6. Nb3 Ba7 7. O-O Nc6 8. Qe2 d6 9. Be3 Nf6 10. Nc3 O-O 11. Rad1 Qc7 12. Bxa7 Rxa7 13. f4 b5 14. a3 Bb7 15. Kh1 Raa8 16. Rf3 b4 17. axb4 Nxb4 18. Rh3 Nxd3 19. Rhxd3 Rad8 20. Qe3 Nh5 21. Qd2 d5 22. exd5 Nxf4 23. d6 Qc6 24. Rg3 e5 25. Na5 Qd7 26. Nxb7 Qxb7 27. Nd5 Ne6 28. Nf6+ Kh8 29. Rh3 gxf6 30. Qh6 Qe4 31. Qxf6+ Ng7 32. Rg3 Rg8 33. Rxg7 Rxg7 34. Qxd8+ Rg8 35. Qf6+ Rg7 36. Qxg7+ Kxg7 37. d7 1-0

[Event "23rd ETCC Women 2021"]
[Site "Catez"]
[Date "2021.11.14"]
[Round "3.23"]
[White "De Seroux, Camille"]
[Black "Matnadze, Ana"]
[Result "0-1"]
[ECO "B50"]
[WhiteElo "2125"]
[BlackElo "2418"]
[Annotator "ChessBase"]
[PlyCount "120"]
[EventDate "2021.11.08"]
[EventType "team-tourn"]
[EventCountry "SLO"]
[SourceTitle "playchess.com"]
[Source "ChessBase"]
[SourceQuality "1"]
[WhiteTeam "Switzerland"]
[BlackTeam "Spain"]
[WhiteTeamCountry "SUI"]
[BlackTeamCountry "ESP"]
[TimeControl "40/5400+30:1800+30"]

1. e4 c5 2. Nf3 d6 3. Bc4 Nc6 4. O-O Nf6 5. Re1 Bg4 6. h3 Bh5 7. d3 a6 8. Nbd2 e6 9. Bb3 Be7 10. c3 d5 11. Nf1 dxe4 12. dxe4 Qxd1 13. Bxd1 Rd8 14. Ng3 Bxf3 15. Bxf3 Ne5 16. Be2 h5 17. Bf4 Ng6 18. Bg5 h4 19. Bxf6 gxf6 20. Nf1 Nf4 21. Bf3 Rg8 22. Kh1 Nd3 23. Re2 Ne5 24. Rd2 Rxd2 25. Nxd2 Nd3 26. Kg1 b5 27. c4 b4 28. b3 Bd6 29. Kf1 Be5 30. Rd1 Bd4 31. Ke2 Nf4+ 32. Kf1 Ke7 33.
Bg4 Nd3 34. Nf3 Nxf2 35. Rxd4 Nxg4 36. Rd2 Ne5 37. Nxh4 Rh8 38. g3 a5 39. Kg2 a4 40. Rd1 a3 41. Kf2 Rd8 42. Ke2 Rxd1 43.
Kxd1 Nd3 44. Nf3 Nf2+ 45. Kc2 Nxe4 46. g4 Nf2 47. Nd2 Kd6 48.
h4 Ke5 49. h5 Nxg4 50. Kd3 Kf4 51. h6 Nxh6 52. Ne4 Ng4 53. Nxc5 Ne5+ 54. Ke2 Nc6 55. Kd3 e5 56. Ne4 f5 57. Nd6 e4+ 58. Ke2 Nd4+ 59. Kd1 Nxb3 60. Nxf7 Nc5 0-1

[Event "23rd ETCC Women 2021"]
[Site "Catez"]
[Date "2021.11.14"]
[Round "3.24"]
[White "Calzetta Ruiz, Monica"]
[Black "Tamrazyan, Gohar"]
[Result "1-0"]
[ECO "B32"]
[WhiteElo "2201"]
[BlackElo "1981"]
[Annotator "NA"]
[PlyCount "73"]
[EventDate "2021.11.08"]
[EventType "team-tourn"]
[EventCountry "SLO"]
[SourceTitle "playchess.com"]
[Source "ChessBase"]
[SourceQuality "1"]
[WhiteTeam "Spain"]
[BlackTeam "Switzerland"]
[WhiteTeamCountry "ESP"]
[BlackTeamCountry "SUI"]
[TimeControl "40/5400+30:1800+30"]

1. e4 c5 2. Nf3 Nc6 3. d4 cxd4 4. Nxd4 e5 5. Nb5 d6 6. c4 Be7 7. N5c3 Be6 8. Nd5 Nf6 9. Nbc3 O-O 10. Bd3 Nd7 11. O-O Bg5 12. Nb5 Bxc1 13. Rxc1 Nc5 14. Bb1 Qg5 15. b4 Bh3 16. Qf3 Bg4 17. Qe3 Ne6 18. Qxg5 Nxg5 19. h4 Ne6 20. f3 Ned4 21. Nxd4 Nxd4 22. fxg4 Ne2+ 23. Kf2 Nxc1 24. Rxc1 b6 25. Rd1 Rfd8 26. Ne7+ Kf8 27. Nc6 Rd7 28. Nxe5 Rc7 29. Rxd6 f6 30. Nc6 Rac8 31. b5 a6 32. a4 a5 33. Bd3 Kf7 34. c5 bxc5 35. b6 Rxc6 36. b7 R6c7 37. Rd7+ 1-0

[Event "23rd ETCC Women 2021"]
[Site "Catez"]
[Date "2021.11.14"]
[Round "3.25"]
[White "Bulmaga, Irina"]
[Black "Injac, Teodora"]
[Result "0-1"]
[ECO "C84"]
[WhiteElo "2405"]
[BlackElo "2387"]
[Annotator "ChessBase"]
[PlyCount "112"]
[EventDate "2021.11.08"]
[EventType "team-tourn"]
[EventCountry "SLO"]
[SourceTitle "playchess.com"]
[Source "ChessBase"]
[SourceQuality "1"]
[WhiteTeam "Romania"]
[BlackTeam "Serbia"]
[WhiteTeamCountry "ROU"]
[BlackTeamCountry "SRB"]
[TimeControl "40/5400+30:1800+30"]

1. e4 e5 2. Nf3 Nc6 3. Bb5 a6 4. Ba4 Nf6 5. d4 exd4 6. O-O Be7 7. e5 Ne4 8. Nxd4 O-O 9. Nf5 d5 10. Nxe7+ Nxe7 11. c3 Nc5 12. Bc2 Bf5 13. Bxf5 Nxf5 14. Qg4 Qc8 15. Nd2 Qe6 16. Nf3 a5 17. Rd1 c6 18. Qf4 Qg6 19. Nd4 Nxd4 20. cxd4 Ne6 21. Qg3 f5 22. f4 Qxg3 23. hxg3 Ra6 24. Be3 Rb6 25. Rd2 g6 26. Rc1 Kf7 27. Rc3 Ra8 28. Kf2 h5 29. Ke2 Rb5 30. Kd1 Rh8 31. Ke2 Rb4 32. a3 Rb5 33. Kf3 Ra8 34. b3 Ra6 35. Rdd3 Ra8 36. Rc1 Ke7 37. Bd2 Rxb3 38. Ke2 Kd7 39. Ke3 Rxd3+ 40. Kxd3 b6 41. Rb1 Kc7 42. a4 c5 43. dxc5 Nxc5+ 44. Kd4 Nxa4 45. Be1 Kc6 46. Rc1+ Nc5 47. Rc2 Kb7 48. Rxc5 bxc5+ 49. Kxd5 Kb6 50. Ke6 Kc6 51. Bc3 Ra6 52. Bb2 a4 53. Ba3 Rb6 54. Kf7 Kd5 55. Ke7 Rb3 56. Bc1 a3 0-1

[Event "23rd ETCC Women 2021"]
[Site "Catez"]
[Date "2021.11.14"]
[Round "3.26"]
[White "Velikic, Adela"]
[Black "Peptan, Corina-Isabela"]
[Result "0-1"]
[ECO "E39"]
[WhiteElo "2287"]
[BlackElo "2385"]
[Annotator "NA"]
[PlyCount "44"]
[EventDate "2021.11.08"]
[EventType "team-tourn"]
[EventCountry "SLO"]
[SourceTitle "playchess.com"]
[Source "ChessBase"]
[SourceQuality "1"]
[WhiteTeam "Serbia"]
[BlackTeam "Romania"]
[WhiteTeamCountry "SRB"]
[BlackTeamCountry "ROU"]
[TimeControl "40/5400+30:1800+30"]

1. d4 Nf6 2. c4 e6 3. Nc3 Bb4 4. Qc2 c5 5. dxc5 O-O 6. a3 Bxc5 7. Nf3 Nc6 8.
Bf4 b6 9. Rd1 Bb7 10. e4 Ne7 11. Be2 Ng6 12. Bc1 Rc8 13. O-O h6 14. h3 Qc7 15. Rfe1 a6 16. Bf1 Rfd8 17. Qb3 Qb8 18. Bd3 Nf4 19. Bb1 Nxh3+ 20. Kf1 Nxf2 21. Qc2 Nh5 22. Be3 Nxd1 0-1

[Event "23rd ETCC Women 2021"]
[Site "Catez"]
[Date "2021.11.14"]
[Round "3.27"]
[White "Cosma, Elena-Luminita"]
[Black "Eric, Jovana"]
[Result "1-0"]
[ECO "D12"]
[WhiteElo "2281"]
[BlackElo "2253"]
[Annotator "ChessBase"]
[PlyCount "107"]
[EventDate "2021.11.08"]
[EventType "team-tourn"]
[EventCountry "SLO"]
[SourceTitle "playchess.com"]
[Source "ChessBase"]
[SourceQuality "1"]
[WhiteTeam "Romania"]
[BlackTeam "Serbia"]
[WhiteTeamCountry "ROU"]
[BlackTeamCountry "SRB"]
[TimeControl "40/5400+30:1800+30"]

1. d4 d5 2. c4 c6 3. Nf3 Nf6 4. e3 Bf5 5. Nc3 e6 6. Nh4 Bg6 7. Qb3 Qc7 8.
Nxg6 hxg6 9. Bd2 Nbd7 10. h3 Be7 11. Rc1 Nb6 12. cxd5 exd5 13. Bd3 Qd7 14. a4 Nc8 15. Ne2 Nd6 16. Ng3 Nf5 17. Nxf5 gxf5 18. Bb4 Ne4 19. Rc2 g6 20. a5 a6 21. Qa3 Nd6 22. Bc5 Kf8 23.
Kd1 Kg7 24. Kc1 Rae8 25. Kb1 Ne4 26. Bxe4 fxe4 27. Rhc1 Rh5 28. Bxe7 Rxe7 29. Rc3 Rf5 30. R1c2 Re6 31. Rb3 Re7 32. h4 Rh5 33. g3 Rh8 34. Qc5 Rc8 35. Rb6 Rc7 36. Qc3 Qg4 37. Qe1 Re8 38. Ka2 Re6 39. Rc3 Qf5 40. Rc2 Rd6 41. Qb4 Rdd7 42. Qe1 c5 43. Rxc5 Rxc5 44. dxc5 d4 45. exd4 Rxd4 46. Qc3 Qd5+ 47. Ka3 Qc4 48. Qxc4 Rxc4 49. b4 Rc2 50. Rxb7 Kf6 51. b5 axb5 52. a6 b4+ 53. Rxb4 Rxc5 54. a7 1-0